 Dungeon Crawl Stone Soup version 0.24.0-123-gd5b16e6ec5 (webtiles) character file.

Game seed: 5396952198804333743, levelgen mode: deterministic

53 Chiseanne the Magician (level 3, -3/24 HPs)
             Began as a Demonspawn Wizard on Jan 21, 2020.
             Slain by an orc
             ... wielding a +0 dagger
              (4 damage)
             ... on level 3 of the Dungeon.
             The game lasted 00:01:59 (2059 turns).

Chiseanne the Magician (Demonspawn Wizard)          Turns: 2059, Time: 00:01:59

Health: -3/24      AC:  7    Str:  7    XL:     3   Next: 62%
Magic:  2/8        EV: 10    Int: 20    God:
Gold:   65         SH:  0    Dex: 11    Spells: 8/9 levels left

rFire    . . .     SeeInvis .   e - +0 short sword
rCold    . . .     Gourm    .   (no shield)
rNeg     . . .     Faith    .   k - +1 ring mail
rPois    .         Spirit   .   b - +0 hat
rElec    .         Reflect  .   (no cloak)
rCorr    .         Harm     .   p - +0 pair of gloves
MR       .....                  (no boots)
Stlth    +.........             (no amulet)
HPRegen  0.08/turn              (no ring)
MPRegen  0.11/turn              (no ring)

@: very slightly contaminated
A: spiny 1
a: no special abilities


You were on level 3 of the Dungeon.
You were very hungry.

You visited 1 branch of the dungeon, and saw 3 of its levels.

You collected 65 gold pieces.

Inventory:

Hand Weapons
 e - a +0 short sword (weapon)
Missiles
 c - 82 stones (quivered)
 i - 18 poisoned darts
 o - 11 sling bullets
Armour
 b - a +0 hat (worn)
 k - a +1 ring mail (worn)
 p - a +0 pair of gloves (worn)
Jewellery
 q - a cursed -3 ring of slaying {unknown}
Scrolls
 f - a scroll of enchant armour
 j - a scroll of teleportation
 l - a scroll of identify
Potions
 a - a potion of flight {unknown}
 g - a potion of berserk rage {unknown}
 h - a potion of heal wounds {unknown}
 m - 2 potions of cancellation {unknown}
Comestibles
 d - 2 rations


   Skills:
 - Level 1.7 Dodging
 - Level 1.7 Stealth
 * Level 3.7 Spellcasting
 * Level 2.6 Conjurations
   Level 1.0 Summonings
   Level 0.8 Translocations


You had 8 spell levels left.
You knew the following spells:

 Your Spells              Type           Power        Failure   Level  Hunger
a - Magic Dart            Conj           ##..         16%         1    None

Your spell library contained the following spells:

 Spells                   Type           Power        Failure   Level  Hunger
 Call Imp                 Summ           #.......     43%         2    ##.....
 Blink                    Tloc           N/A          45%         2    ##.....
 Slow                     Hex            #.......     56%         2    ##.....
 Conjure Flame            Conj/Fire      #.......     63%         3    ###....
 Mephitic Cloud           Conj/Pois/Air  #.......     69%         3    ###....


Dungeon Overview and Level Annotations

Branches:
Dungeon (3/15)

Altars:


Innate Abilities, Weirdness & Mutations

You are partially covered in sharp spines.


Message History

Aiming: Magic Dart (safe; 16% risk of failure)
Press: ? - help, Shift-Dir - straight line, f/p - orc
Aim: an orc, wielding a +0 dagger and wearing a +0 scale mail The magic dart hits the orc.
The orc is heavily wounded.
The orc hits you with a +0 mace. The orc closely misses you.
The orc barely misses you.
Casting: Magic Dart (safe; 16% risk of failure)
Confirm with . or Enter, or press ? or * to list all spells.
Aiming: Magic Dart (safe; 16% risk of failure)
Press: ? - help, Shift-Dir - straight line, f/p - orc
Aim: an orc, wielding a +0 dagger and wearing a +0 scale mail (heavily wounded)
The magic dart hits the orc but does no damage.
The orc is heavily wounded.
The orc hits you with a +0 hand axe.
* * * LOW HITPOINT WARNING * * *
The orc hits you with a +0 mace.
* * * LOW HITPOINT WARNING * * *
The orc hits you with a +0 dagger.
You die...

# ### #.
..# .####.#
......
#...#
#..o####.##
#.o@o.$...#
#.s######.#
.....
....### ###


You could see a scorpion and 3 orcs.

Vanquished Creatures
  2 adders (D:2)
  A worm (D:2)
  5 goblins
  4 hobgoblins
  3 jackals (D:1)
  5 kobolds
  7 bats
  A frilled lizard (D:1)
  3 rats
31 creatures vanquished.

Notes
Turn   | Place    | Note
-------+----------+-------------------------------------------
     0 | D:1      | Chiseanne the Demonspawn Wizard began the quest for the
                  | Orb.
     0 | D:1      | Reached XP level 1. HP: 13/13 MP: 4/4
   227 | D:1      | Gained mutation: You are partially covered in sharp spines.
                  | [demonic ancestry]
   227 | D:1      | Reached XP level 2. HP: 5/19 MP: 0/6
  1177 | D:2      | Reached XP level 3. HP: 24/24 MP: 0/8
  2057 | D:3      | Noticed a scorpion
  2059 | D:3      | HP: 1/24 [orc/+0 mace (3)]
  2059 | D:3      | Slain by an orc

Levels and vault maps discovered:
D:1:      minmay_arrival_shattered_statue, layout_basic
D:2:      layout_rooms, hex_large, minmay_misc_feat_rows
D:3:      minmay_bubble_buster, layout_basic, chequers_ecumenical_altar_simple

Skill      XL: |  1  2 |
---------------+-------+-----
Conjurations   | 2 |  2.6
Dodging        | |  1.7
Stealth        | |  1.7
Spellcasting   | |  3.7
Summonings     | |  1.0
Translocations | |  0.8

Action                   || total
-------------------------++-------
Melee: Short sword       ||    24
 Cast: Magic Dart        ||    54
  Use: Scroll            ||     5
  Eat: Chunk             ||     2
Armor: Robe              ||     4
       Ring mail         ||    13
Dodge: Dodged            ||    28
